cohdb
Replays
Latest Replays
All Replays
Popular Replays
Top Player Replays
Match Explorer
How It Works
Community
CoH3 Stats
Reddit
Sign in to upload your games and track your stats! →
Sign in with Steam
Match 43329693
Unlisted
Match 43329693
Overview
Messages
Build Orders
End
Kradschützen Motorcycle Team
Selects Italian Combined Arms Battlegroup
Selects Bersaglieri Squad
Bersaglieri Squad
Kradschützen Motorcycle Team
Bersaglieri Squad
Panzerpioneer Squad
Construct Light Support Kompanie
Construct Mechanized Kompanie
Panzerjäger Mechanized Group
Selects Semovente da 75/18 Assault Gun
Semovente da 75/18 Assault Gun
LittleRocketMan
junkmail
0
0
Comments
sign in to comment!
No comments posted yet!